 Dungeon Crawl Stone Soup version 0.22-a0-373-gab1296c (webtiles) character file.

597 Amnesiac the Ducker (level 7, 0/54 HPs)
             Began as a Mummy Fighter on Apr 25, 2018.
             Was an Initiate of Okawaru.
             Slain by a bullfrog (2 damage)
             ... on level 5 of the Dungeon.
             The game lasted 00:05:45 (4368 turns).

Amnesiac the Ducker (Mummy Fighter)                 Turns: 4368, Time: 00:05:46

Health: 0/54       AC:  9    Str: 22    XL:     7   Next: 17%
Magic:  7/7        EV:  9    Int:  7    God:    Okawaru [......]
Gold:   189        SH:  9    Dex: 11    Spells: 5/6 levels left

rFire    x . .     SeeInvis .   o - +0 hunting sling
rCold    + . .     Gourm    .   c - +0 shield
rNeg     + + +     Faith    .   m - +0 scale mail
rPois    ∞         Spirit   .   h - +0 helmet
rElec    .         Reflect  .   (no cloak)
rCorr    .         Harm     .   (no gloves)
MR       .....                  l - +0 pair of boots
Stlth    +.........             (no amulet)
HPRegen  0.18/turn              (no ring)
MPRegen  0.10/turn              s - ring of stealth

@: about to teleport
A: no food or potions, fire vulnerability, cold resistance 1, negative energy
resistance 3, torment resistance, unbreathing
a: Renounce Religion


You were on level 5 of the Dungeon.
You worshipped Okawaru.
Okawaru was noncommittal.
You were not hungry.

You visited 2 branches of the dungeon, and saw 8 of its levels.

You collected 189 gold pieces.

Inventory:

Hand Weapons
 a - a +0 long sword
 b - a +1 dagger of venom
 o - a +0 hunting sling (weapon)
 p - a +0 short sword of draining
Missiles
 f - 252 stones
 j - 3 sling bullets (quivered)
 k - 83 arrows
Armour
 c - a +0 shield (worn)
 h - a +0 helmet (worn)
 l - a +0 pair of boots (worn)
 m - a +0 scale mail (worn)
Jewellery
 s - a ring of stealth (right hand)
Scrolls
 d - 3 scrolls of identify {!r}
 e - a scroll of immolation {!r}
 g - 3 scrolls of blinking {!r}
 i - a scroll of remove curse {!r}
 n - a scroll of enchant weapon {!r}
 r - a scroll of teleportation {!r}


   Skills:
 + Level 4.1 Fighting
 - Level 2.0 Long Blades
 * Level 4.3 Armour
 * Level 4.3 Dodging
 - Level 2.4 Shields


You had 5 spell levels left.
You knew the following spells:

 Your Spells              Type           Power        Failure   Level  Hunger
z - Confusing Touch       Hex            #.....       99%         1    N/A

Dungeon Overview and Level Annotations

Branches:
Dungeon (7/15)             Temple (1/1) D:5

Altars:
Ashenzari
Elyvilon
Fedhas
Hepliaklqana
Makhleb
Nemelex Xobeh
Okawaru
Qazlal
Vehumet
Wu Jian
Xom
Zin

Annotations:
D:6 Eustachio


Innate Abilities, Weirdness & Mutations

You do not eat or drink.
Your flesh is vulnerable to fire.
You are immune to poison.
Your flesh is cold resistant. (rC+)
You are immune to negative energy. (rN+++)
You are immune to unholy pain and torment.
You can survive without breathing.


Message History

The sling bullet hits the orc but does no damage.
Okawaru accepts your kill.
You feel a bit more experienced.
Firing (i - inventory. (/) - cycle)
j - 8 sling bullets (quivered)
Press: ? - help, Shift-Dir - straight line, f/p - orc
Aim: an orc, wielding a hand axe You shoot a sling bullet.
The sling bullet hits the orc!
You kill the orc!
Okawaru accepts your kill.
Firing (i - inventory. (/) - cycle)
j - 7 sling bullets (quivered)
Press: ? - help, Shift-Dir - straight line, f - you
Okay, then.
Okay, then.
Really read
d - 3 scrolls of identify {!r}?
Okay, then.
Put on which piece of jewellery? (? for menu, Esc to quit)
Oops, that amulet feels deathly cold.
t - a cursed amulet of inaccuracy (around neck) Really read
i - 2 scrolls of remove curse {!r}?
As you read the scroll of remove curse {!r}, it crumbles to dust.
You feel as if something is helping you.
Drop what? 20/52 slots (_ for help) (? for menu, Esc to quit)
You remove your ring of teleportation.
You drop an uncursed ring of teleportation.
Drop what? 19/52 slots (_ for help) (? for menu, Esc to quit)
You remove your amulet of inaccuracy.
You drop an uncursed amulet of inaccuracy.
Wear which item? (? for menu, Esc to quit)
You start putting on your armour.
You continue putting on your helmet. x4
You finish putting on your +0 helmet.
You start resting.
Firing (i - inventory. (/) - cycle)
j - 7 sling bullets (quivered)
Press: ? - help, Shift-Dir - straight line, f - bullfrog
Aim: a bullfrog You shoot a sling bullet.
The sling bullet hits the bullfrog.
The bullfrog is lightly wounded.
Firing (i - inventory. (/) - cycle)
j - 6 sling bullets (quivered)
Press: ? - help, Shift-Dir - straight line, f/p - bullfrog
Aim: a bullfrog (lightly wounded)
You shoot a sling bullet.
The sling bullet barely misses the bullfrog.
Firing (i - inventory. (/) - cycle)
j - 5 sling bullets (quivered)
Press: ? - help, Shift-Dir - straight line, f/p - bullfrog
Aim: a bullfrog (lightly wounded)
You shoot a sling bullet.
The sling bullet closely misses the bullfrog.
The bullfrog hits you but does no damage.
You block the bullfrog's attack.
Firing (i - inventory. (/) - cycle)
j - 4 sling bullets (quivered)
Press: ? - help, Shift-Dir - straight line, f/p - bullfrog
Aim: a bullfrog (lightly wounded)
You shoot a sling bullet.
The sling bullet closely misses the bullfrog.
The bullfrog hits you but does no damage.
The bullfrog hits you.
* * * LOW HITPOINT WARNING * * *
Wield which item (- for none, * to show all)? (? for menu, Esc to quit)
Okay, then.
Really read
r - 2 scrolls of teleportation {!r}?
As you read the scroll of teleportation {!r}, it crumbles to dust.
You feel strangely unstable. The bullfrog hits you.
* * * LOW HITPOINT WARNING * * *
The bullfrog hits you.
You die...

...... .########
.'.......
.#######. .# .#
.#######..########
........(.((.."F>#
########..######@#
## #.# .# #.# .#
#.# .# #.# .# #.#
.# ..# .# ### .#


You could see a bullfrog.

Vanquished Creatures
  Edmund (D:4)
  A scorpion (D:5)
  A howler monkey (D:4)
  3 hounds
  A centaur skeleton (D:5)
  A worker ant (D:5)
  5 gnolls
  9 adders
  3 oozes
  A worm (D:4)
  3 dart slugs
  11 orcs
  A ball python (D:3)
  6 bats
  3 giant cockroaches
  10 hobgoblins
  12 jackals
  8 kobolds
  6 quokkas
  A ball python skeleton (D:4)
  5 frilled lizards
  11 goblins
  A quokka zombie (D:7)
  8 rats
112 creatures vanquished.

Notes
Turn   | Place    | Note
-------+----------+-------------------------------------------
     0 | D:1      | Amnesiac the Mummy Fighter began the quest for the Orb.
     0 | D:1      | Reached XP level 1. HP: 18/18 MP: 1/1
   160 | D:1      | Reached XP level 2. HP: 22/24 MP: 2/2
   172 | D:1      | Reached skill level 1 in Dodging
   240 | D:1      | Reached XP level 3. HP: 21/29 MP: 3/3
  1125 | D:2      | Reached XP level 4. HP: 6/35 MP: 4/4
  1379 | D:2      | Found a burning altar of Makhleb.
  1839 | D:2      | Reached XP level 5. HP: 39/41 MP: 5/5
  2193 | D:3      | Found a stormy altar of Qazlal.
  2942 | D:4      | Reached XP level 6. HP: 23/47 MP: 6/6
  3063 | D:4      | Learned a level 1 spell: Confusing Touch
  3202 | D:4      | Noticed Edmund
  3254 | D:4      | Killed Edmund
  3865 | D:5      | Entered Level 5 of the Dungeon
  3887 | D:5      | Reached XP level 7. HP: 34/54 MP: 7/7
  4058 | D:5      | Found a staircase to the Ecumenical Temple.
  4068 | Temple   | Entered the Ecumenical Temple
  4075 | Temple   | Became a worshipper of Warmaster Okawaru
  4204 | D:5      | Found a blossoming altar of Fedhas.
  4236 | D:5      | You fall through a shaft for 2 floors!
  4289 | D:6      | Noticed Eustachio
  4367 | D:5      | HP: 2/54 [bullfrog (3)]
  4368 | D:5      | Slain by a bullfrog

Vault maps used:
D:1:      minmay_arrival_jagged, minmay_cut_off
D:2:      kb_forest_paths, lemuel_doored_altar, serial_glass, glass_columns_c,
          glass_columns_c
D:3:      nicolae_qazlal_general_emergency
D:4:      first_ration, uniq_edmund
D:5:      nicolae_dithmenos_shadow_blocks, nicolae_overflow_crystal_walls,
          temple_statues, roderic_roman_lattice
D:6:      kennysheep_mini, serial_shops, shop_fountains, uniq_eustachio
D:7:      kennysheep_mini_moat, amethyst_overflow_temple_binary,
          minmay_guarded_unrand_finisher
Temple:   eino_temple_lava

Skill      XL: |  1  2  3  4  5  6 |
---------------+-------------------+-----
Long Blades    | 2 |  2.0
Dodging        | 1 2 3 4 |  4.3
Armour         | 3 4 |  4.3
Fighting       | 4 |  4.1
Shields        | |  2.4

Action                   |  1- 3 |  4- 6 |  7- 9 || total
-------------------------+-------+-------+-------++-------
Melee: Long sword        |   116 |   150 |    19 ||   285
       Dagger            |       |    52 |    26 ||    78
 Fire: Hunting sling     |       |    72 |     6 ||    78
  Use: Scroll            |       |       |    10 ||    10
Armor: Scale mail        |    70 |    90 |    23 ||   183
Dodge: Dodged            |    35 |   101 |    26 ||   162
Block: Shield            |    61 |   109 |    41 ||   211
       Rpst.: Long sword |     8 |    19 |     6 ||    33

Table legend:
 A = Spawn XP
 B = Non-spawn XP
 C = Spawn XP percentage of total XP
 D = Spawn monster count
 E = Non-spawn monster count
 F = Spawn count percentage of total count
 G = Total turns spent on level
                    A         B        C        D         E        F      G
               +---------+---------+-------+---------+---------+-------+---------
         Total |       0 |     854 |   0.0 |       0 |     112 |   0.0 |  4368
               +---------+---------+-------+---------+---------+-------+---------
           D:1 |       0 |      60 |   0.0 |       0 |      22 |   0.0 |   710
           D:2 |       0 |     154 |   0.0 |       0 |      40 |   0.0 |  1225
           D:3 |       0 |     118 |   0.0 |       0 |      19 |   0.0 |   864
           D:4 |       0 |     356 |   0.0 |       0 |      22 |   0.0 |  1066
           D:5 |       0 |     152 |   0.0 |       0 |       7 |   0.0 |   402
           D:7 |       0 |      14 |   0.0 |       0 |       2 |   0.0 |    52
               +---------+---------+-------+---------+---------+-------+---------
